 Dungeon Crawl Stone Soup version 0.30-a0-469-g84de5afbc5 (webtiles) character file.

Game seed: 17116722987555913851

4911 ragingrage the Carver (level 10, -5/64 HPs)
             Began as a Tengu Monk on Dec 19, 2022.
             Was a High Priest of Okawaru.
             Killed by divine providence
             ... invoked by an orc priest
              (14 damage)
             ... on level 8 of the Dungeon.
             The game lasted 00:10:37 (8432 turns).

ragingrage the Carver (Tengu Monk)                  Turns: 8432, Time: 00:10:38

Health: -5/64      AC: 10    Str: 16    XL:     10   Next: 51%
Magic:  11/11      EV: 20    Int: 12    God:    Okawaru [*****.]
Gold:   269        SH:  5    Dex: 23    Spells: 7/9 levels left

rFire   + . .      SeeInvis .    a - +2 dagger (venom)
rCold   + + +      Faith    .    (no shield)
rNeg    + . .      Spirit   .    P - +0 swamp dragon scales
rPois   +          Reflect  +    (helmet restricted)
rElec   .          Harm     .    J - +2 cloak "Xued" {rC+++ Str+2 Slay+3 Stlth-}
rCorr   .          Rampage  .    (no gloves)
Will    .....                    (boots unavailable)
Stlth   ++........               s - amulet of reflection
HPRegen 0.30/turn                G - ring of positive energy
MPRegen 0.12/turn                H - ring of protection from fire

@: flying quickly and evasively, quick
A: beak, talons 3, nimble flight, agile 1, clever 1, strong 1
a: Renounce Religion, Heroism, Finesse, Duel


You were on level 8 of the Dungeon.
You worshipped Okawaru.
Okawaru was extremely pleased with you.
You visited 1 branch of the dungeon, and saw 8 of its levels.

You collected 497 gold pieces.
You spent 228 gold pieces at shops.

Inventory:

Hand Weapons
 a - a +2 dagger of venom (weapon)
 b - a +1 great sword of freezing
 o - a +0 sling
 L - a +0 long sword
 N - a +0 vampiric falchion
 O - a +1 scimitar of pain
Missiles
 m - 6 curare-tipped darts (quivered)
 v - 23 poisoned darts
Armour
 i - a +1 leather armour of positive energy
 J - the +2 cloak "Xued" (worn) {rC+++ Str+2 Slay+3 Stlth-}
   (You bought it in a shop on level 5 of the Dungeon)

   Str:       It affects your strength (+2).
   Slay:      It affects your accuracy & damage with ranged weapons and melee
   (+3).
   rC:        It renders you almost immune to cold.
   Stlth:     It makes you less stealthy.
 P - +0 swamp dragon scales (worn)
Jewellery
 s - an amulet of reflection (around neck)
 x - a ring of resist corrosion
 G - a ring of positive energy (left hand)
 H - a ring of protection from fire (right hand)
 M - a ring of protection from fire
Wands
 t - a wand of mindburst (34)
 y - a wand of digging (2)
 D - a wand of flame (24)
 K - a wand of paralysis (10)
 Q - a wand of iceblast (6)
Scrolls
 e - 3 scrolls of vulnerability
 g - 3 scrolls of enchant armour
 p - 3 scrolls of fear {unknown}
 q - 6 scrolls of teleportation
 r - a scroll of identify
 u - 2 scrolls of poison
 w - a scroll of magic mapping {unknown}
 A - 2 scrolls of enchant weapon
 C - a scroll of fog {unknown}
 E - a scroll of blinking {unknown}
Potions
 c - 2 potions of ambrosia
 d - a potion of lignification {unknown}
 h - a potion of invisibility {unknown}
 j - a potion of haste {unknown}
 k - a potion of brilliance {unknown}
 l - a potion of curing
 z - 2 potions of mutation
 B - 3 potions of magic {unknown}
 F - a potion of attraction {unknown}
 I - 6 potions of heal wounds {unknown}


   Skills:
 + Level 8.2 Fighting
 + Level 10.1 Long Blades
 + Level 9.1 Dodging
 + Level 7.1 Stealth


You had 7 spell levels left.
You knew the following spells:

 Your Spells              Type           Power      Damage    Failure   Level
a - Blink                 Tloc           0%         N/A       67%         2

Your spell library contained the following spells:

 Spells                   Type           Power      Damage    Failure   Level
 Slow                     Hex            0%         N/A       54%         1
 Momentum Strike          Conj/Tloc      0%         3d8       67%         2
 Confusing Touch          Hex            0%         N/A       88%         3
 Hailstorm                Conj/Ice       0%         3d3       88%         3
 Lesser Beckoning         Tloc           0%         N/A       88%         3
 Vampiric Draining        Necr           0%         2d6       88%         3
 Ice Form                 Ice/Tmut       0%         N/A       99%         4
 Simulacrum               Ice/Necr       Unusable   N/A       N/A         6

Dungeon Overview and Level Annotations

Branches:
Dungeon (8/15)             Temple (0/1) D:4
   Lair: D:8-11

Altars:
Dithmenos
Nemelex Xobeh
Okawaru
Xom

Shops:
D:5 [

Annotations:
D:2 1 runed translucent door, Crazy Yiuf
D:4 2 transporters, Iich's ghost, amateur DsFE
D:6 5 runed translucent doors
D:7 exclusion: downstairs


Innate Abilities, Weirdness & Mutations

You have a beak for a mouth.
You have claws for feet.
Your magical nature lets you fly swiftly and evasively.
You are agile. (Dex +4, Str/Int -1)
Your mind is acute. (Int +4, Str/Dex -1)
Your muscles are strong. (Str +4, Int/Dex -1)


Message History

The orc priest invokes the aid of Beogh against you.
Pain shoots through your body!
You hit the water moccasin.
You kill the water moccasin!
Okawaru accepts your kill.
The orc priest invokes the aid of Beogh against you.
Beogh smites you!
* * * LOW HITPOINT WARNING * * *
An orc warrior comes into view. It is wielding a +0 scimitar.
The orc priest barely misses you.
It was a potion of mutation.
You feel extremely strange.
You feel stronger.
You feel clever.
You feel agile.
The orc priest looks satisfied for a moment.
The orc priest mumbles some strange prayers to Beogh against you.
You struggle to resist.
As you read the scroll labelled MOGGIPLECIX, it crumbles to dust.
The creatures around you are filled with an inner flame!
It was a scroll of immolation.
You block the orc priest's attack. The orc priest closely misses you.
The orc warrior shouts!
The orc priest casts a cantrip, but nothing happens.
The orc priest calls down the wrath of Beogh upon you.
Beogh smites you!
* * * LOW HITPOINT WARNING * * *
As you read the scroll labelled GIKLUAHYMP, it crumbles to dust.
It is a scroll of brand weapon.
Your +1 great sword is covered with a thin layer of ice!
b - a +1 great sword of freezing The orc priest looks satisfied for a moment.
Unknown command.
Unknown command.
You feel better. The orc priest barely misses you.
The orc priest calls down the wrath of Beogh upon you.
Beogh smites you!
* * * LOW HITPOINT WARNING * * *
An orc priest comes into view. It is wielding a +0 mace.
The orc priest calls down the wrath of Beogh upon you.
Beogh smites you!
You die...

#.# #............
#.###............
##.##.............
#.......)........
#!.....).........
#.###.###)#.##.###
##........)..#.....
#..................
##.o#@.............
#####o.#..###.#....###
#.......o.............
#####..#o.###.#..#..##
#..#..# #.#..#..#
#.)#..# #.#..# .#
###..#..###..... .
..o.......#
###..#o.###


You could see an orc warrior (inner flame) and 2 orc priests.

Vanquished Creatures
  Pikel (D:5)
  Maggie (D:8)
  A troll (D:5)
  Prince Ribbit (D:5)
  Edmund (D:5)
  Menkaure (D:6)
  3 water moccasins
  Duvessa (D:4)
  An orc warrior (D:7)
  A sky beast (D:7)
  3 ice beasts
  An ogre (D:6)
  A centaur (D:8)
  A phantom (D:6)
  3 kobold brigands
  Blork the orc (D:5)
  4 bullfrogs
  A necrophage (D:7)
  3 wights (D:7)
  3 scorpions
  Dowan (D:4)
  10 killer bees
  5 howler monkeys
  A jelly (D:5)
  5 orc priests
  An iguana (D:6)
  A gnoll bouda (D:5)
  8 orc wizards
  A mummy (D:4)
  Robin (D:4)
  16 adders
  4 white imps
  An ufetubus (D:5)
  2 worms
  5 dart slugs
  40 orcs
  8 ball pythons
  8 bats
  8 endoplasms
  2 giant cockroaches
  14 goblins
  12 hobgoblins
  4 jackals (D:2)
  4 quokkas
  4 frilled lizards
  17 kobolds
  3 rats
219 creatures vanquished.

Vanquished Creatures (others)
  2 fungi (D:2)
2 creatures vanquished.

Grand Total: 221 creatures vanquished

Notes
Turn   | Place    | Note
-------+----------+-------------------------------------------
     0 | D:1      | ragingrage the Tengu Monk began the quest for the Orb.
     0 | D:1      | Reached XP level 1. HP: 14/14 MP: 2/2
   313 | D:1      | Reached XP level 2. HP: 16/19 MP: 3/3
   367 | D:1      | Reached skill level 4 in Long Blades
  1054 | D:2      | Reached XP level 3. HP: 23/23 MP: 4/4
  1171 | D:2      | Reached skill level 5 in Long Blades
  1229 | D:2      | Reached XP level 4. HP: 22/28 MP: 5/5
  1896 | D:2      | You fall into a shaft and drop 2 floors!
  2102 | D:3      | Gained mutation: Your magical nature lets you fly swiftly
                  | and evasively. [Tengu growth]
  2102 | D:3      | Reached XP level 5. HP: 30/32 MP: 6/6
  2372 | D:3      | Found a faded altar of an unknown god.
  2638 | D:2      | Found a runed translucent door.
  2639 | D:2      | Noticed Crazy Yiuf
  2690 | D:4      | Noticed Iich's ghost (amateur DsFE)
  2690 | D:4      | Found a transporter.
  2715 | D:4      | Found an iron altar of Okawaru.
  2723 | D:4      | Became a worshipper of Warmaster Okawaru
  2723 | D:4      | Reached * piety under Okawaru
  2723 | D:4      | Reached ** piety under Okawaru
  2791 | D:4      | Noticed a kobold brigand
  2801 | D:4      | Killed a kobold brigand
  2802 | D:4      | Reached skill level 6 in Long Blades
  2802 | D:4      | Reached XP level 6. HP: 22/37 MP: 7/7
  2867 | D:4      | Noticed Robin
  2895 | D:4      | Killed Robin
  3143 | D:4      | Learned a level 2 spell: Blink
  3174 | D:4      | Found a transporter.
  3210 | D:4      | Noticed Duvessa
  3211 | D:4      | Noticed Dowan
  3226 | D:4      | Killed Duvessa
  3227 | D:4      | Reached XP level 7. HP: 42/43 MP: 8/8
  3252 | D:4      | Killed Dowan
  3514 | D:4      | Found a staircase to the Ecumenical Temple.
  3608 | D:4      | Found a shimmering altar of Xom.
  3811 | D:5      | Entered Level 5 of the Dungeon
  3913 | D:5      | Noticed Edmund
  3948 | D:5      | Killed Edmund
  3948 | D:5      | Reached *** piety under Okawaru
  3949 | D:5      | Reached skill level 5 in Dodging
  4054 | D:5      | Found Biagokk's Antique Armour Shop.
  4250 | D:5      | Noticed Blork the orc
  4254 | D:5      | Noticed Prince Ribbit
  4269 | D:5      | Killed Blork the orc
  4270 | D:5      | Reached skill level 7 in Long Blades
  4453 | D:5      | Killed Prince Ribbit
  4454 | D:5      | Reached skill level 5 in Fighting
  4454 | D:5      | Reached XP level 8. HP: 44/49 MP: 9/9
  4531 | D:5      | Reached skill level 5 in Stealth
  4702 | D:5      | Reached **** piety under Okawaru
  4751 | D:5      | Noticed Pikel
  4781 | D:5      | Killed Pikel
  4782 | D:5      | Reached skill level 8 in Long Blades
  4824 | D:5      | Reached XP level 9. HP: 55/55 MP: 10/10
  5169 | D:5      | Noticed a troll
  5183 | D:5      | Killed a troll
  5470 | D:5      | Bought an ancient cloak for 228 gold pieces
  5470 | D:5      | Identified the +2 cloak "Xued" {rC+++ Str+2 Slay+3 Stlth-}
                  | (You bought it in a shop on level 5 of the Dungeon)
  5509 | D:6      | Found a shadowy altar of Dithmenos.
  5648 | D:6      | Found a runed translucent door.
  5649 | D:6      | Found a runed translucent gate.
  5649 | D:6      | Found a runed translucent gate.
  5664 | D:6      | Found the +9 staff of Olgreb {rPois∞}
  5670 | D:6      | Found a runed translucent door.
  5758 | D:6      | Reached skill level 9 in Long Blades
  5768 | D:6      | Found a sparkling altar of Nemelex Xobeh.
  5793 | D:6      | Reached ***** piety under Okawaru
  5981 | D:6      | Found a runed translucent gate.
  5992 | D:6      | Noticed Menkaure
  6094 | D:6      | Killed Menkaure
  7033 | D:7      | Reached XP level 10. HP: 62/63 MP: 11/11
  7946 | D:8      | Noticed Maggie
  8061 | D:8      | Killed Maggie
  8062 | D:8      | Reached skill level 10 in Long Blades
  8420 | D:8      | Gained mutation: Your muscles are strong. (Str +4, Int/Dex
                  | -1) [potion of mutation]
  8420 | D:8      | Gained mutation: Your mind is acute. (Int +4, Str/Dex -1)
                  | [potion of mutation]
  8420 | D:8      | Gained mutation: You are agile. (Dex +4, Str/Int -1)
                  | [potion of mutation]
  8432 | D:8      | Killed from afar by an orc priest

Illustrated notes

Levels and vault maps discovered:
D:1:      saegor_arrival_miasma, layout_basic
D:2:      layout_loops_ring, chequers_serial_rivers_room_b,
          ebering_dispersal_statue_hall, uniq_crazy_yiuf_cottage
D:3:      layout_rooms, shapermc_ecumenical_altar_mp_ritualfount,
          wad_rectangle_vault
D:4:      layout_basic, mainiacjoe_overflow_concentric_impassable, tgw_xom,
          temple_fountains, gup_ossuary_entry_pyramid,
          gammafunk_ghost_mausoleum, uniq_robin, uniq_duvessa
D:5:      minmay_chambers_of_fours, layout_basic, serial_shops, shop,
          minmay_misc_feat_encased, uniq_blork_the_orc, uniq_pikel, uniq_edmund,
          uniq_prince_ribbit1
D:6:      layout_gridville, grunt_dithmenos_smoke_and_mirrors,
          lemuel_crystal_altar, minmay_guarded_unrand_staff_of_olgreb,
          uniq_menkaure
D:7:      layout_gridville, chequers_serial_rivers_marsh
D:8:      layout_basic, minivault_12, uniq_maggie

Skill      XL: |  1  2  3  4  5  6  7  8  9 10 |
---------------+-------------------------------+-----
Long Blades    | 4 5 6 7 8 9 10 | 10.1
Dodging        | 4 5 6 8 9 |  9.1
Stealth        | 3 4 5 6 7 |  7.1
Fighting       | 4 5 6 7 8 |  8.2

Action                   |  1- 3 |  4- 6 |  7- 9 | 10-12 || total
-------------------------+-------+-------+-------+-------++-------
Melee: Falchion          |    66 |    43 |    17 |    12 ||   138
       Kick              |    15 |    49 |    89 |    52 ||   205
       Peck              |    10 |    25 |    56 |    34 ||   125
       Punch             |     1 |     2 |     2 |     1 ||     6
       Dagger            |       |   131 |   232 |    98 ||   461
       Great sword       |       |       |       |    13 ||    13
Throw: Dart              |       |     2 |     5 |     4 ||    11
Invok: Heroism           |       |       |     1 |     1 ||     2
Evoke: Wand              |       |     4 |     1 |       ||     5
  Use: Potion            |       |     1 |       |     2 ||     3
       Scroll            |       |       |     6 |     2 ||     8
 Stab: Sleeping          |     5 |     7 |     7 |       ||    19
       Distracted        |       |       |       |     1 ||     1
Armor: Robe              |     8 |     9 |     4 |       ||    21
       Ring mail         |       |     1 |    15 |       ||    16
       Leather armour    |       |       |    15 |     5 ||    20
       Swamp dragon scal |       |       |       |     8 ||     8
Dodge: Dodged            |    43 |   109 |   148 |    83 ||   383
Block: Other             |       |     2 |    39 |    16 ||    57
       Reflection        |       |       |     1 |     1 ||     2

Table legend: (Time is in decaauts)
 A = Elapsed time spent in this place.
 B = Non-inter-level travel time spent in this place.
 C = Inter-level travel time spent in this place.
 D = Time resting spent in this place.
 E = Time spent auto-exploring this place.
 F = Levels seen in this place.
 G = Mean time per level.
                   A        B        C        D        E       F      G
               +--------+--------+--------+--------+--------+-----+--------+
         Total |   7924 |   7621 |    303 |   1305 |   4558 |   8 |  990.5 |
       Dungeon |   7924 |   7621 |    303 |   1305 |   4558 |   8 |  990.5 |
               +--------+--------+--------+--------+--------+-----+--------+

Top non-repeatable levels by time:
     D:5: 1418 daAuts
     D:7: 1162 daAuts
     D:4: 1134 daAuts
     D:6: 1088 daAuts
     D:1: 1055 daAuts
     D:2: 1003 daAuts
     D:3: 629 daAuts
     D:8: 432 daAuts
